 Dungeon Crawl Stone Soup version 0.20-a0-903-g7e3609c (webtiles) character file.

254196 AlphabetPasta the Unseen (level 21, -3/141 HPs)
             Began as a Halfling Monk on Mar 19, 2017.
             Was a High Priest of Dithmenos.
             Killed from afar by a deep elf sorcerer (9 damage)
             ... with damnation
             ... on level 3 of the Elven Halls on Mar 20, 2017.
             The game lasted 05:02:02 (48080 turns).

AlphabetPasta the Unseen (Halfling Monk)           Turns: 48080, Time: 05:02:02

Health: -3/141     AC:  9    Str: 12    XL:     21   Next: 2%
Magic:  23/29      EV: 31    Int:  8    God:    Dithmenos [*****.]
Gold:   3031       SH: 14    Dex: 30    Spells: 20/20 levels left

rFire    + . .     SeeInvis .   a - +7 rapier (elec)
rCold    + + .     Gourm    .   Z - +1 robe {rN+}
rNeg     + + +     Faith    .   o - +0 buckler
rPois    ∞         Spirit   .   U - +0 helmet
rElec    +         Reflect  +   r - +1 cloak {+Inv}
rCorr    +         Harm     .   g - +1 pair of gloves
MR       +++++                  V - +0 pair of boots
Stlth    ++++++++++             n - +4 amulet of reflection
Regen    0.4/turn               H - ring of protection from cold
MPRegen  0.3/turn               z - ring "Baitraro" {rPois MR+ Dex+3}

@: shadow-form, resistant, wreathed by umbra, studying Evocations, drained,
invisible
A: mutation resistance 1
}: 1/15 runes: barnacled
a: End Transformation, Shadow Step, Shadow Form, Renounce Religion, Evoke
Invisibility


You were on level 3 of the Elven Halls.
You worshipped Dithmenos.
Dithmenos was extremely pleased with you.
You were not hungry.
You were a swirling mass of dark shadows.
You visited 8 branches of the dungeon, and saw 34 of its levels.
You also visited: Labyrinth, Sewer and Ice Cave.

You collected 3283 gold pieces.
You spent 252 gold pieces at shops.

Inventory:

Hand Weapons
 a - a +7 rapier of electrocution (weapon)
 b - a +1 hunting sling of freezing
 c - a +0 blowgun
 d - a +5 rapier of venom
Missiles
 u - 44 tomahawks (quivered)
 v - 5 curare-tipped needles
 G - 301 sling bullets
 O - 8 throwing nets
Armour
 g - a +1 pair of gloves (worn)
 o - a +0 buckler (worn)
 r - a +1 cloak of invisibility (worn)
 R - a scarf of resistance
 U - a +0 helmet (worn)
 V - a +0 pair of boots (worn)
 Z - a +1 robe of positive energy (worn)
Jewellery
 j - an uncursed ring of protection from fire
 n - a +4 amulet of reflection (around neck)
 q - a +4 ring of evasion
 z - the ring "Baitraro" (left hand) {rPois MR+ Dex+3}
   (You acquired it on level 1 of the Elven Halls)

   [ring of poison resistance]

   It affects your dexterity (+3).
   It protects you from poison.
   It affects your resistance to hostile enchantments.
 D - a +4 ring of dexterity
 H - a ring of protection from cold (right hand)
 Q - a +3 ring of protection
Wands
 p - a wand of disintegration (7/24)
 y - a wand of digging (6/24)
 F - a wand of paralysis (16/24)
 I - a wand of scattershot (2/9)
 K - a wand of iceblast (3/15)
 M - a wand of acid (7/15)
 P - a wand of lightning (8/15)
 T - a wand of confusion (23/48)
 W - a wand of scattershot (0/9)
Scrolls
 f - 2 scrolls of summoning
 t - 6 scrolls of recharging
 w - 4 scrolls of enchant armour
 A - 9 scrolls of identify
 C - 6 scrolls of magic mapping
 E - a scroll of teleportation
 L - 9 scrolls of remove curse
 X - 6 scrolls of fear
Potions
 h - 2 potions of curing
 i - 2 potions of flight
 k - 3 potions of cancellation
 l - a potion of agility
 s - 2 potions of ambrosia
 J - 2 potions of might
Books
 e - a manual of Evocations
Comestibles
 x - 16 bread rations
 B - 11 meat rations
 S - 10 royal jellies


   Skills:
 + Level 11.6(10.8) Fighting
 * Level 19.4(18.5) Short Blades
 + Level 16.4(15.5) Slings
 + Level 13.7(12.9) Dodging
 * Level 19.5(18.5) Stealth
 + Level 12.8(11.9) Shields
 - Level 11.4(10.6) Invocations
 + Level 6.7(6.0) Evocations


You had 20 spell levels left.
You didn't know any spells.

Dungeon Overview and Level Annotations

Branches:
Dungeon (15/15)            Temple (1/1) D:7            Lair (6/6) D:9
 Shoals (4/4) Lair:2       Spider (2/4) Lair:3        Slime (0/5) Lair:6
    Orc (2/2) D:10            Elf (3/3) Orc:2        Vaults (1/5) D:13
 Depths (0/5) D:15

Altars:
Ashenzari
Cheibriados
Dithmenos
Elyvilon
Fedhas
Gozag
Hepliaklqana
Kikubaaqudgha
Makhleb
Nemelex Xobeh
Okawaru
Qazlal
Ru
Sif Muna
Trog
Uskayaw
Vehumet
Wu Jian
Xom
Yredelemnul
Zin
The Shining One
Beogh
Jiyva

Shops:
D:4 *   D:15 ?   Orc:2 ([%*   Elf:1 }   Elf:2 :

Annotations:
D:14 exclusion: Roxanne, Roxanne
Lair:6 Caerwyn's ghost, journeyman DsGl
Shoals:4 Ilsuiw
Elf:2 3 runed doors
Elf:3 1 exclusion
Vaults:1 1 exclusion


Innate Abilities, Weirdness & Mutations

You are small and have problems with some larger weapons.
You are somewhat resistant to further mutation.


Message History

The deep elf annihilator suddenly seems more resistant.
Found a dagger.
A fire elemental comes into view.
The deep elf demonologist casts a spell.
Found a short glowing staff.
The deep elf annihilator casts a spell at you.
The poison arrow misses you.
Things that are here:
a scale mail; a short sword of protection The deep elf sorcerer misses you.
The deep elf sorcerer completely misses you.
The deep elf annihilator gestures wildly while chanting.
The deep elf annihilator blinks!
The deep elf sorcerer closely misses you.
The deep elf sorcerer gestures at you while chanting.
The bolt of acid misses you.
You see here a potion of magic.
The deep elf sorcerer casts a spell at you.
The sphere of damnation explodes!
The damnation engulfs you!
You die...

#.# ##'..P..## ##.
##.## ##.##...## #.
####...###.####.##
#. #..#.'.##.## ###
#. #........## #..
#......'..#### ).
#.# #............#
##' #.#
#......#.###.#
##..#### #.#
#....##### #W#
#....§.####..
#..### #.#
...§§§.e#.. ####
#!#######§§§§.....
##.#..ee.§.§§§eee.#
#..ee###.[.§§§§.4##
#..#..e...§e§§§§.e#
##########§§.§§§.e.
+....⌠..§.#e.
#......####..


You could see a deep elf sorcerer.

Vanquished Creatures
  Nikola (Elf:1)
  A deep elf blademaster (Elf:3)
  Frances (D:13)
  2 frost giants
  Donald (Shoals:2)
  A caustic shrike zombie (D:15)
  A ghost moth (Spider:1)
  2 deep elf sorcerers
  Louise (Spider:1)
  A vault warden (Vaults:1)
  A deep elf elementalist (Elf:3)
  3 ironheart preservers (Vaults:1)
  4 entropy weavers
  The ghost of Bunnehwyld the Impaler, a journeyman MiGl of Qazlal (D:14)
  6 deep elf annihilators
  4 deep elf demonologists
  Snorg (Lair:6)
  4 deep elf death magi
  A merfolk javelineer (Shoals:4)
  A minotaur (Lab)
  6 merfolk impalers
  9 ogre magi
  2 fire dragons
  A deep elf high priest (Elf:3)
  8 vault guards
  A rakshasa (Vaults:1)
  The ghost of Vi the Unseen, a journeyman SpEn of Hepliaklqana (Lair:6)
  2 catoblepae
  11 hydras
  3 centaur warriors
  3 merfolk avatars
  37 two-headed ogres
  4 merfolk aquamancers (Shoals:1)
  An alligator snapping turtle (Shoals:3)
  2 death yaks (IceCv)
  11 dancing weapons
  3 tengu warriors (D:15)
  A deep troll shaman (Vaults:1)
  A vampire mage (D:15)
  3 deep troll earth magi (Vaults:1)
  An orc high priest (Elf:1)
  17 deep elf knights
  2 skeletal warriors
  Nergalle (D:11)
  6 unseen horrors
  6 deep trolls
  12 sea snakes
  2 wizards
  A lindwurm (Lair:6)
  A shadow dragon zombie (D:15)
  A flayed ghost (Vaults:1)
  6 orc knights
  A golden dragon skeleton (D:15)
  55 deep elf magi
  7 ugly things
  3 harpies (Vaults:1)
  10 manticores
  17 deep elf archers
  8 orb spiders
  18 wolf spiders
  A necromancer (D:15)
  13 cyclopes
  6 fauns
  2 moths of wrath (Spider:1)
  5 vault sentinels (Vaults:1)
  8 black mambas
  3 water nymphs
  8 merfolk sirens
  Maurice (D:11)
  An ice statue (IceCv)
  A guardian serpent (shapeshifter) (D:15)
  3 molten gargoyles (Lair:6)
  14 elephants (Lair:6)
  A gargoyle (D:15)
  7 spiny frogs
  A rime drake (Lair:3)
  9 komodo dragons
  8 demonic crawlers
  A yaktaur (shapeshifter) (Vaults:1)
  6 yaktaurs (Vaults:1)
  A freezing wraith (Vaults:1)
  21 polar bears
  18 merfolk
  23 jumping spiders
  8 wind drakes
  17 trolls
  4 hornets
  7 dream sheep
  11 hippogriffs
  12 slime creatures
  5 snapping turtles
  A minotaur skeleton (Lab)
  25 blink frogs
  3 air elementals
  46 redbacks
  Sigmund (D:4)
  An ice dragon skeleton (D:15)
  19 tarantellas
  34 yaks
  2 hogs (shapeshifter)
  11 water elementals
  4 basilisks
  A hungry ghost (Lab)
  Eustachio (D:5)
  6 wyverns
  2 fire elementals (Elf:2)
  A steam dragon (D:11)
  2 vampire mosquitoes (D:12)
  5 wargs
  Menkaure (D:7)
  A soldier ant (D:12)
  2 acid dragons
  4 hell hounds (Lair:6)
  20 water moccasins
  14 orc warriors
  6 porcupines
  4 sky beasts
  A black bear (Lair:1)
  3 necrophages
  An ice beast (D:5)
  44 ogres
  31 wolves
  4 phantoms
  16 crocodiles
  19 centaurs
  2 big kobolds
  26 bullfrogs
  2 earth elementals
  A wyvern zombie (D:9)
  2 gnoll sergeants
  2 wyvern skeletons
  2 scorpions
  10 killer bees
  5 wights (D:12)
  A howler monkey (D:8)
  2 electric eels (Lair:2)
  3 centaur zombies (D:10)
  6 crimson imps
  4 lava snakes (Lair:6)
  A quasit (D:6)
  6 hounds
  5 jellies
  30 orc wizards
  Crazy Yiuf (D:5)
  16 orc priests
  A bullfrog skeleton (D:6)
  6 centaur skeletons
  8 iguanas
  6 worker ants
  A hound skeleton (D:5)
  A howler monkey skeleton (D:10)
  16 adders
  17 gnolls
  A river rat (Sewer)
  4 shadow imps
  11 oozes
  An adder zombie (D:6)
  An adder skeleton (D:4)
  3 worms (Sewer)
  4 dart slugs
  7 leopard geckos
  70 orcs
  4 ball pythons (Sewer)
  4 giant cockroaches
  6 goblins
  2 hobgoblins (D:1)
  8 jackals
  6 quokkas
  7 bats
  5 frilled lizards
  20 kobolds
  A leopard gecko skeleton (D:8)
  A leopard gecko zombie (D:8)
  A quokka skeleton (D:8)
  A quokka zombie (D:6)
  4 rats
  2 plants
1242 creatures vanquished.

Vanquished Creatures (others)
  A merfolk javelineer (Shoals:1)
  A deep elf archer (Elf:1)
  An ironbrand convoker (Vaults:1)
  3 deep elf magi
  A cyclops (Shoals:1)
  A manticore (D:15)
  An air elemental (Elf:2)
  A yak (IceCv)
  An acid dragon (Vaults:1)
  2 hell hounds (Lair:6)
  A wolf (IceCv)
  An orc (D:12)
  A kobold (D:8)
  26 fungi
  26 plants
  5 tentacles (Shoals:3)
  3 withered plants (D:15)
76 creatures vanquished.

Grand Total: 1318 creatures vanquished

Notes
Turn   | Place    | Note
-------+----------+-------------------------------------------
     0 | D:1      | AlphabetPasta the Halfling Monk began the quest for the Orb.
     0 | D:1      | Reached XP level 1. HP: 15/15 MP: 1/1
    60 | D:1      | Reached XP level 2. HP: 11/20 MP: 2/2
   439 | D:1      | Reached XP level 3. HP: 24/25 MP: 3/3
  1308 | D:2      | Reached XP level 4. HP: 31/31 MP: 4/4
  1932 | D:3      | Found a faded altar of an unknown god.
  2677 | D:3      | Reached skill level 1 in Slings
  2800 | D:3      | Found a shimmering altar of Xom.
  2967 | D:4      | Noticed Sigmund
  3051 | D:4      | Reached XP level 5. HP: 36/36 MP: 5/5
  3140 | D:4      | Killed Sigmund
  3140 | D:4      | Reached skill level 5 in Short Blades
  3140 | D:4      | Reached skill level 1 in Evocations
  3140 | D:4      | Reached XP level 6. HP: 26/42 MP: 6/6
  3295 | D:4      | Found Gozag's Platinum Reserve.
  3295 | D:4      | Found an opulent altar of Gozag.
  3610 | D:5      | Entered Level 5 of the Dungeon
  3622 | D:5      | Reached XP level 7. HP: 46/46 MP: 6/8
  3695 | D:5      | Found a blossoming altar of Fedhas.
  3907 | D:5      | Reached skill level 5 in Stealth
  4091 | D:5      | You fall through a shaft for 3 floors!
  4100 | D:8      | Found an ancient bone altar of Kikubaaqudgha.
  4131 | D:8      | Reached XP level 8. HP: 39/54 MP: 9/9
  4664 | D:6      | Reached skill level 5 in Dodging
  4692 | D:6      | Upgraded the game from 0.20-a0-902-g583f206 to 0.20-a0-903-g7e3609c
  4737 | D:6      | Found a glowing drain.
  4783 | Sewer    | Entered a sewer
  5751 | D:5      | Found an iron altar of Okawaru.
  5826 | D:5      | Reached XP level 9. HP: 52/58 MP: 11/11
  6143 | D:5      | Noticed Eustachio
  6159 | D:5      | Killed Eustachio
  6159 | D:5      | Reached skill level 5 in Slings
  6309 | D:5      | Found a runed door.
  6331 | D:5      | Noticed Crazy Yiuf
  6335 | D:5      | Killed Crazy Yiuf
  6557 | D:4      | Found a bloodstained altar of Trog.
  6744 | D:6      | Found a white marble altar of Elyvilon.
  6870 | D:7      | Found a glowing silver altar of Zin.
  6903 | D:7      | Noticed Menkaure
  6910 | D:7      | Killed Menkaure
  7023 | D:7      | Found a staircase to the Ecumenical Temple.
  7028 | Temple   | Entered the Ecumenical Temple
  7079 | Temple   | Became a worshipper of Dithmenos the Shadowed
  7079 | Temple   | Reached * piety under Dithmenos
  7079 | Temple   | Reached ** piety under Dithmenos
  7700 | D:8      | Reached skill level 1 in Invocations
  7718 | D:8      | Noticed a hippogriff
  7755 | D:8      | Killed a hippogriff
  7810 | D:8      | Reached XP level 10. HP: 65/65 MP: 12/12
  7868 | D:8      | Reached skill level 5 in Fighting
  7945 | D:8      | Reached skill level 1 in Shields
  7993 | D:8      | Noticed a two-headed ogre
  8069 | D:8      | Killed a two-headed ogre
  8521 | D:8      | Found a deep blue altar of Sif Muna.
  8719 | D:9      | Found a staircase to the Lair.
  8731 | D:9      | Reached *** piety under Dithmenos
  8810 | D:9      | Found a snail-covered altar of Cheibriados.
  8810 | D:9      | Found a glowing golden altar of the Shining One.
  8930 | D:9      | Found a shattered altar of Ashenzari.
  9208 | D:9      | Found an ornate altar of the Wu Jian Council.
  9233 | D:9      | Reached XP level 11. HP: 72/72 MP: 13/13
  9411 | D:10     | Entered Level 10 of the Dungeon
  9415 | D:10     | Reached skill level 10 in Short Blades
  9675 | D:10     | Reached **** piety under Dithmenos
  9696 | D:10     | Reached skill level 10 in Stealth
  9771 | D:10     | Found a staircase to the Orcish Mines.
 10121 | D:10     | You fall through a shaft!
 10180 | D:11     | Noticed Nergalle
 10234 | D:11     | Killed Nergalle
 10399 | D:11     | Noticed Maurice
 10406 | D:11     | Killed Maurice
 10572 | D:11     | Killed an unseen horror
 10748 | D:11     | Noticed a two-headed ogre
 10764 | D:11     | Reached skill level 5 in Shields
 10764 | D:11     | Reached XP level 12. HP: 70/80 MP: 15/15
 10781 | D:11     | Killed a two-headed ogre
 10781 | D:11     | Reached skill level 5 in Invocations
 10985 | D:11     | Reached ***** piety under Dithmenos
 11006 | D:11     | Identified the Tome of Unholy Flames
 11404 | D:11     | Noticed a two-headed ogre
 11457 | D:11     | Killed a two-headed ogre
 11733 | D:12     | Found a labyrinth entrance.
 11746 | Lab      | Entered a labyrinth
 11793 | Lab      | Killed an unseen horror
 11797 | Lab      | Killed an unseen horror
 12047 | Lab      | Killed an unseen horror
 12141 | Lab      | Killed an unseen horror
 12326 | Lab      | Found an exit through the horrors of the Abyss.
 12457 | Lab      | Noticed a minotaur
 12537 | Lab      | Killed a minotaur
 12597 | Lab      | Identified the Collected Works on Burning Shape Shifting
 13041 | D:12     | Reached XP level 13. HP: 76/86 MP: 17/17
 13483 | Lair:1   | Entered Level 1 of the Lair of Beasts
 13834 | Lair:1   | Reached skill level 10 in Slings
 14406 | Lair:1   | Noticed a catoblepas
 14432 | Lair:1   | Killed a catoblepas
 14529 | Lair:1   | Noticed an eight-headed hydra
 14542 | Lair:1   | Killed an eight-headed hydra
 15293 | Lair:2   | Found a staircase to the Shoals.
 15646 | Lair:3   | Noticed a six-headed hydra
 15658 | Lair:3   | Killed a six-headed hydra
 16415 | Lair:3   | Found a hole to the Spider Nest.
 16791 | Lair:4   | Reached XP level 14. HP: 93/93 MP: 19/19
 16946 | Lair:4   | Reached ****** piety under Dithmenos
 17913 | Lair:6   | Entered Level 6 of the Lair of Beasts
 17983 | Lair:6   | Noticed Snorg
 17985 | Lair:6   | Killed Snorg
 17990 | Lair:6   | Noticed Vi's ghost (journeyman SpEn)
 18327 | Lair:6   | Found a viscous altar of Jiyva.
 18327 | Lair:6   | Found a staircase to the Slime Pits.
 18451 | Lair:6   | Killed Vi's ghost
 18526 | Lair:6   | Got a steaming fustibalus
 18527 | Lair:6   | Identified the +5 fustibalus of the Imperium {velocity, Fragile Dex+6} (You found it on level 6 of the Lair of Beasts)
 18908 | Lair:6   | Noticed Caerwyn's ghost (journeyman DsGl)
 19590 | Lair:6   | Reached XP level 15. HP: 65/100 MP: 21/21
 19855 | Lair:6   | Reached skill level 10 in Dodging
 20196 | Lair:6   | Found a large runed door.
 20196 | Lair:6   | Found a large runed door.
 20859 | Orc:1    | Entered Level 1 of the Orcish Mines
 21292 | Orc:2    | Entered Level 2 of the Orcish Mines
 21717 | Orc:2    | Found a staircase to the Elven Halls.
 21717 | Orc:2    | Found Abannile's Antique Weapon Boutique.
 22273 | Orc:2    | Found Gaciomm's Armour Shop.
 22286 | Orc:2    | Found Kogimid's Food Emporium.
 22304 | Orc:2    | Found Efeun's General Store.
 22642 | Orc:2    | Reached skill level 15 in Stealth
 22645 | Orc:2    | Reached skill level 15 in Short Blades
 22655 | Orc:2    | Bought a +0 pair of boots for 58 gold pieces
 22697 | Orc:2    | Bought a scroll of magic mapping for 52 gold pieces
 22830 | Orc:2    | Found a roughly hewn altar of Beogh.
 24198 | D:13     | Found a gate to the Vaults.
 24781 | D:13     | Reached XP level 16. HP: 108/108 MP: 22/22
 25211 | D:14     | Found a frozen archway.
 25224 | IceCv    | Entered an ice cave
 26404 | IceCv    | Noticed a frost giant
 26411 | IceCv    | Killed a frost giant
 26790 | D:14     | Noticed Bunnehwyld's ghost (journeyman MiGl)
 26797 | D:14     | Noticed Roxanne
 26846 | D:14     | Killed Bunnehwyld's ghost
 27260 | D:14     | Noticed Frances
 27891 | D:13     | Killed Frances
 27941 | D:15     | Entered Level 15 of the Dungeon
 28064 | D:15     | Paralysed by an ogre mage for 6 turns
 28392 | D:15     | Reached skill level 10 in Fighting
 28392 | D:15     | Reached XP level 17. HP: 72/115 MP: 24/24
 28653 | D:15     | Got a brightly glowing cloak
 28664 | D:15     | Identified the cursed +0 cloak of the Game of Kings {rN+} (You found it on level 15 of the Dungeon)
 28685 | D:15     | Found Rehesi's Magic Scroll Boutique.
 28710 | D:15     | Reached skill level 10 in Shields
 28913 | D:15     | Bought a scroll of identify for 30 gold pieces
 28913 | D:15     | Bought a scroll of holy word for 112 gold pieces
 28952 | D:15     | Reached skill level 10 in Invocations
 29147 | D:15     | Found a staircase to the Depths.
 30231 | D:15     | HP: 5/115 [caustic shrike zombie (20)]
 31215 | Elf:1    | Entered Level 1 of the Elven Halls
 31409 | Elf:1    | Found Lucwe's Gadget Shoppe.
 31553 | Elf:1    | Identified a scroll of acquirement
 31554 | Elf:1    | Got a vibrating bone ring
 31555 | Elf:1    | Identified the ring "Baitraro" {rPois MR+ Dex+3} (You acquired it on level 1 of the Elven Halls)
 31933 | Spider:1 | Entered Level 1 of the Spider Nest
 31933 | Spider:1 | Noticed Louise
 31936 | Spider:1 | Killed Louise
 33341 | Spider:1 | Reached XP level 18. HP: 122/122 MP: 25/25
 33409 | Spider:1 | HP: 3/122 [something (5)]
 33412 | Spider:1 | HP: 1/122 [something (3)]
 34867 | Shoals:1 | Entered Level 1 of the Shoals
 36777 | Shoals:3 | Noticed Donald
 37239 | Shoals:2 | Killed Donald
 37275 | Shoals:3 | Reached skill level 15 in Slings
 37336 | Shoals:3 | Noticed a kraken
 37935 | Shoals:4 | Entered Level 4 of the Shoals
 37968 | Shoals:4 | Noticed Ilsuiw
 38883 | Shoals:4 | Reached XP level 19. HP: 18/127 MP: 18/27
 38903 | Shoals:4 | Got a barnacled rune of Zot
 40678 | Spider:2 | Identified the +2 robe "Upecy" {rPois rCorr Int+5 Dex-3} (You found it on level 2 of the Spider Nest)
 40994 | Vaults:1 | Entered Level 1 of the Vaults
 43495 | Vaults:1 | Reached XP level 20. HP: 99/135 MP: 28/28
 44143 | Elf:1    | Noticed an Ice Fiend
 44919 | Elf:1    | Noticed Nikola
 44922 | Elf:1    | Killed Nikola
 45612 | Elf:1    | Reached skill level 5 in Evocations
 46175 | Elf:2    | Found Sutiacs's Book Emporium.
 46994 | Elf:2    | Found a huge runed gate.
 46994 | Elf:2    | Found a huge runed gate.
 46998 | Elf:2    | Found a huge runed gate.
 47196 | Elf:3    | Entered Level 3 of the Elven Halls
 48049 | Elf:3    | Reached XP level 21. HP: 51/141 MP: 29/29
 48066 | Elf:3    | HP: 1/141 [deep elf high priest/divine providence (7)]
 48080 | Elf:3    | Killed from afar by a deep elf sorcerer

Vault maps used:
D:1:      dpeg_arrival_more_subterranean_lakeside_camping
D:3:      chequers_ecumenical_altar_simple_redux, tgw_xom
D:4:      nicolae_gozag_zags_fifth_avenue, kennysheep_mini_moat, uniq_sigmund
D:5:      okawaru_gym_becter, first_bread, grunt_ministairs_11, minivault_1,
          st_stairs_2, fedhas_altar_1, uniq_crazy_yiuf_cottage, uniq_eustachio
D:6:      elyvilon_altar_1, portal_sewer_entry_d, hex_large
D:7:      zin_statuary, minmay_temple_entry_glassed_door, uniq_menkaure
D:8:      overflow_temple_1_default, led_sif_pool
D:9:      kennysheep_mini, gammafunk_temple_overflow_pools,
          evilmike_ruin_ashenzari, erik_lair_orcish_takeover
D:10:     orc_0_dummy, serial_bayou_pond_e
D:11:     uniq_nergalle, uniq_maurice
D:12:     lab_entry_generic
D:13:     erik_vaults_2
D:14:     minmay_staircase_statues, portal_ice_cave_entry_pillars_2,
          hangedman_little_slice_of_home, uniq_roxanne, uniq_frances
D:15:     gammafunk_depths_entry_grave, hangedman_abyss_or_decor_lesser_grid,
          serial_shops, nicolae_shop_stone, grunt_ministairs_1
Temple:   nicolae_temple_hex_pool
Lair:1:   hibernation_bobbens, lemuel_fruit_tree
Lair:2:   elwin_shoals_entry_rooms, infiniplex_staircase_pool,
          serial_bayou_shore_a
Lair:3:   spider_nest_entry_web_field, grunt_forest_small_clearing_treed,
          serial_bayou_shore_b
Lair:5:   grunt_megastairs_5
Lair:6:   cheibrodos_lair_end_hotspot, slime_altar_1, serial_bayou_pond_c,
          uniq_snorg
Shoals:1: nicolae_shoals_water_shrine
Shoals:3: uniq_donald
Shoals:4: shoals_end_grunt_ice, shoal_ilsuiw, nicolae_shoals_hunting_party
Spider:1: guppyfry_spider_mini_1, uniq_louise
Spider:2: spiders_nest_spider_trap
Orc:2:    st_orc_open, basic_altar
Elf:1:    elf_arrival_002, serial_shops, nicolae_shop_window_shopping,
          hangedman_elf_represent, spider_trap, roderic_lattice_octagonal_star,
          uniq_nikola
Elf:2:    serial_shops, shop, lemuel_flamethrower_hall
Elf:3:    grunt_elf_hall_branching, uniq_aizul
Vaults:1: dpeg_vaults_monster_box, nicolae_vaults_circle_grid_b,
          nicolae_vaults_little_squares_2, v_misc_14, grunt_vaults_twisty,
          ontoclasm_vaults_pinch, vaults_room_fancy_cross,
          nicolae_vaults_alarming, ontoclasm_vaults_idyll, v_rooms_4,
          hangedman_vaults_capsules, vaults_room_door_hall,
          vaults_room_hangedman_quadrants, vaults_room_stairs_pillars,
          v_alt_pattern_1
Lab:      labyrinth_spiral, labyrinth_glass_1, labyrinth_skeletal_remains,
          nicolae_lab_grate, nicolae_lab_lava, nicolae_lab_statue,
          nicolae_lab_flowing_pool, nicolae_lab_checkerboard, lab_hedge,
          labyrinth_fake_exit
Sewer:    sewer_co_15_rooms
IceCv:    ice_cave_caverns_02

Skill      XL: |  1  2  3  4  5  6  7  8  9 10 11 12 13 14 15 16 17 18 19 20 |
---------------+-------------------------------------------------------------+-----
Short Blades   | 4 5 6 7 8 9 11 12 13 14 15 16 17 18 19 | 19.4
Fighting       | 3 4 5 6 7 8 9 10 11 | 11.6
Stealth        | 3 4 5 6 8 9 10 11 13 14 15 16 17 18 19 | 19.5
Slings         | 1 2 3 4 6 7 8 9 10 11 12 13 14 15 16 | 16.4
Dodging        | 4 5 6 7 8 9 10 11 12 13 | 13.7
Evocations     | 1 2 3 4 6 |  6.7
Invocations    | 1 3 4 5 7 8 9 10 11 | 11.4
Shields        | 3 5 6 7 8 9 10 11 12 | 12.8

Action                   |  1- 3 |  4- 6 |  7- 9 | 10-12 | 13-15 | 16-18 | 19-21 || total
-------------------------+-------+-------+-------+-------+-------+-------+-------++-------
Melee: Short sword       |   112 |   119 |   360 |       |       |       |       ||   591
       Rapier            |       |       |   108 |   626 |  1320 |  2204 |  1218 ||  5476
 Fire: Blowgun           |       |     6 |     3 |    15 |       |    17 |     7 ||    48
       Hunting sling     |       |     3 |    73 |     1 |       |    66 |       ||   143
       Fustibalus        |       |       |       |       |    50 |       |       ||    50
Invok: Shadow Step       |       |       |       |     1 |     1 |     6 |     4 ||    12
       Shadow Form       |       |       |       |       |     1 |     5 |     3 ||     9
 Abil: Evoke Invisibilit |       |       |       |       |       |       |     1 ||     1
Evoke: Wand              |       |       |       |     5 |     1 |     7 |    10 ||    23
  Use: Scroll            |     6 |    10 |     3 |    11 |     6 |    20 |    13 ||    69
       Potion            |       |     3 |     7 |     4 |     8 |    11 |     5 ||    38
 Stab: Sleeping          |     3 |     6 |    16 |    40 |    78 |    63 |    62 ||   268
       Distracted        |       |     1 |     2 |     4 |    20 |    28 |    16 ||    71
       Confused          |       |       |       |     2 |       |       |       ||     2
       Invisible         |       |       |       |       |       |    22 |    22 ||    44
       Held in net/web   |       |       |       |       |       |     1 |       ||     1
  Eat: Chunk             |     1 |     3 |    10 |    13 |    27 |    23 |    13 ||    90
       Bread ration      |       |     1 |     1 |       |       |       |       ||     2
       Fruit             |       |       |       |     4 |    12 |     8 |     8 ||    32
       Royal jelly       |       |       |       |       |       |     6 |     5 ||    11
       Meat ration       |       |       |       |       |       |     1 |       ||     1
Armor: Robe              |    13 |    12 |    36 |    37 |    43 |    62 |    34 ||   237
Dodge: Dodged            |    67 |    61 |   272 |   281 |   648 |  1044 |   652 ||  3025
Block: Other             |       |     5 |    41 |       |       |       |       ||    46
       Reflection        |       |       |     2 |     3 |     8 |    28 |    21 ||    62
       Buckler           |       |       |       |   219 |   506 |   831 |   575 ||  2131
